 Dungeon Crawl Stone Soup version 0.30.1 (webtiles) character file.

Game seed: 8144462292104203634

567 soylentgreeen202 the Purveyor of Pain (level 7, -5/46 HPs)
             Began as a Human Necromancer on July 6, 2023.
             Was an Initiate of Kikubaaqudgha.
             Slain by an ogre
             ... wielding a +0 giant club
              (24 damage)
             ... on level 4 of the Dungeon.
             The game lasted 00:35:43 (4499 turns).

soylentgreeen202 the Purveyor of Pain (HuNe)        Turns: 4499, Time: 00:35:43

Health: -5/46      AC:  4    Str:  8    XL:     7   Next: 59%
Magic:  8/10       EV: 12    Int: 17    God:    Kikubaaqudgha [......]
Gold:   188        SH:  0    Dex: 14    Spells: 4/10 levels left

rFire   + . .        e - +1 dagger (venom)
rCold   . . .        (no shield)
rNeg    . . .        a - +0 robe
rPois   .            g - +0 helmet
rElec   .            p - +0 cloak
rCorr   .            (no gloves)
SInv    .            (no boots)
Will    .....        l - amulet of regeneration
Stlth   ++           m - ring of protection from fire
HPRegen 1.07/turn    (no ring)
MPRegen 0.12/turn

%: no passive effects
@: no status effects
A: no striking features
a: Renounce Religion


You were on level 4 of the Dungeon.
You worshipped Kikubaaqudgha.
Kikubaaqudgha was noncommittal.
You visited 2 branches of the dungeon, and saw 6 of its levels.

You collected 188 gold pieces.

Inventory:

Hand Weapons
 c - a +0 short sword
 e - a +1 dagger of venom (weapon)
Armour
 a - a +0 robe (worn)
 g - a +0 helmet (worn)
 p - a +0 cloak (worn)
Jewellery
 l - an amulet of regeneration (around neck)
 m - a ring of protection from fire (left hand)
 q - an amulet of guardian spirit
Scrolls
 d - a scroll of vulnerability {unknown}
 f - 5 scrolls of identify
 h - a scroll of enchant armour {unknown}
 r - a scroll of magic mapping {unknown}
 t - a scroll of fog
 w - a scroll of fear {unknown}
Potions
 b - a potion of magic
 i - a potion of flight {unknown}
 j - a potion of attraction {unknown}
 k - 3 potions of curing {unknown}
 n - a potion of lignification {unknown}
 o - 3 potions of degeneration {unknown}
 s - 5 potions of heal wounds {unknown}
 u - a potion of cancellation {unknown}
 v - a potion of brilliance {unknown}


   Skills:
 - Level 5.0 Short Blades
 - Level 2.0 Dodging
 - Level 2.0 Stealth
 + Level 2.1 Spellcasting
 * Level 6.8 Necromancy


You had 4 spell levels left.
You knew the following spells:

 Your Spells              Type           Power      Damage    Failure   Level
a - Necrotise             Necr           100%       1d9       1%          1
b - Sublimation of Blood  Necr           25%        N/A       1%          2
c - Vampiric Draining     Necr           25%        2d7       3%          3

Your spell library contained the following spells:

 Spells                   Type           Power      Damage    Failure   Level
 Animate Dead             Necr           25%        N/A       12%         4
 Wereblood                Tmut           1%         N/A       28%         2
 Agony                    Necr           25%        N/A       32%         5
 Summon Hydra             Summ           0%         N/A       100%        7


Dungeon Overview and Level Annotations

Branches:
Dungeon (5/15)             Temple (1/1) D:5

Altars:
Ashenzari
Cheibriados
Dithmenos
Elyvilon
Gozag
Kikubaaqudgha
Makhleb
Nemelex Xobeh
Okawaru
Ru
Sif Muna
Uskayaw
Wu Jian
Zin
The Shining One

Shops:
D:1 (

Annotations:
D:2 1 runed translucent door, Crazy Yiuf


Message History

The orc priest is almost dead.
You kill the orc priest!
Kikubaaqudgha accepts your kill.
You climb upwards.
There is a stone staircase leading down here.
You start resting.
HP restored.
You climb downwards.
The ogre completely misses you.
There is a stone staircase leading up here.
You barely miss the ogre. The ogre barely misses you.
An orc comes into view. It is wielding a +0 mace.
You closely miss the ogre. You hit the ogre.
The ogre is poisoned.
The ogre is lightly wounded.
The ogre hits you with a +0 giant club!!
The ogre hits you with a +0 giant club!
* * * LOW HITPOINT WARNING * * *
You climb upwards.
There is a stone staircase leading down here.
Casting: Necrotise (safe; 1% risk of failure)
Confirm with . or Enter, or press ? or * to list all spells.
Aiming: Necrotise (safe; 1% risk of failure)
Press: ? - help, Shift-Dir - straight line, f - ogre
Aim: an ogre, wielding a +0 giant club (moderately wounded, very poisoned, chance to affect: 83%)
The ogre writhes in agony.
The ogre attacks as you move away! The ogre closely misses you.
You see here a +0 sling.
The ogre attacks as you move away! The ogre closely misses you.
Casting: Necrotise (safe; 1% risk of failure)
Confirm with . or Enter, or press ? or * to list all spells.
Aiming: Necrotise (safe; 1% risk of failure)
Press: ? - help, Shift-Dir - straight line, f/p - ogre
Aim: an ogre, wielding a +0 giant club (moderately wounded, poisoned, chance to affect: 83%)
The ogre writhes in agony!
You closely miss the ogre.
The ogre is severely wounded.
The ogre hits you with a +0 giant club!!
Ouch! That really hurt!
You die...
Kikubaaqudgha rasps: "You have failed me!
Welcome... death!"

##...## #.## ##..# ##.....##
##.###.)## ##..##...## ##....##
###..###....## ###### #### ....##
#.###.## ##..# ##### ##.# ##.##
#...## ##.## ##.### ###....#
###..# ##..########....>.## #
##..### #.@..........###..#
###..## ##.O...#####.## ##..
....## ####....<.#####..## ##.
...## #####..........#......# ##
#######................####.####.
##.......######>..### ##....#
#..####.## ##..############ #..#
#.## ##........# ####..## ##.##
########.#


You could see an ogre (poisoned).

Vanquished Creatures
  Sigmund (D:2)
  Edmund (D:4)
  An ogre (D:4)
  An orc priest (D:5)
  A hound (D:4)
  An iguana (D:4)
  Robin (D:2)
  2 adders
  An ufetubus (D:5)
  3 worms
  A dart slug (D:1)
  An orc (D:4)
  9 bats
  4 endoplasms
  5 giant cockroaches
  11 goblins
  7 hobgoblins
  2 quokkas
  5 ball pythons
  A frilled lizard (D:3)
  5 kobolds
  3 rats
67 creatures vanquished.

Vanquished Creatures (collateral kills)
  3 goblins
  2 ball pythons
5 creatures vanquished.

Grand Total: 72 creatures vanquished

Notes
Turn   | Place    | Note
-------+----------+-------------------------------------------
     0 | D:1      | soylentgreeen202 the Human Necromancer began the quest for
                  | the Orb.
     0 | D:1      | Reached XP level 1. HP: 13/13 MP: 3/3
   144 | D:1      | Reached XP level 2. HP: 19/19 MP: 0/5
   633 | D:1      | Reached XP level 3. HP: 24/24 MP: 3/6
   647 | D:1      | Found Ceakhoyz's Weapon Boutique.
   841 | D:1      | Reached skill level 5 in Necromancy
  1039 | D:2      | Reached skill level 1 in Short Blades
  1445 | D:2      | Reached XP level 4. HP: 26/30 MP: 3/7
  1503 | D:2      | Noticed Sigmund
  1522 | D:2      | Killed Sigmund
  1523 | D:2      | Reached XP level 5. HP: 31/35 MP: 8/8
  1523 | D:2      | Reached XP level 6. HP: 36/41 MP: 9/9
  1688 | D:2      | Noticed Robin
  1850 | D:2      | Killed Robin
  2101 | D:2      | Found a runed translucent door.
  2102 | D:2      | Noticed Crazy Yiuf
  2472 | D:3      | Found a sparkling altar of Nemelex Xobeh.
  2644 | D:3      | Reached skill level 5 in Short Blades
  3533 | D:4      | Noticed Edmund
  3565 | D:4      | Killed Edmund
  3566 | D:4      | Reached skill level 6 in Necromancy
  3566 | D:4      | Reached XP level 7. HP: 4/46 MP: 5/10
  3689 | D:4      | Found a large runed translucent door.
  3690 | D:4      | Found a large runed translucent door.
  4128 | D:4      | Found a shimmering blue altar of Sif Muna.
  4144 | D:4      | Found a burning altar of Makhleb.
  4236 | D:5      | Entered Level 5 of the Dungeon
  4236 | D:5      | Found a staircase to the Ecumenical Temple.
  4261 | Temple   | Entered the Ecumenical Temple
  4347 | Temple   | Became a worshipper of Kikubaaqudgha
  4416 | D:5      | Learned a level 2 spell: Sublimation of Blood
  4425 | D:5      | Learned a level 3 spell: Vampiric Draining
  4499 | D:4      | Slain by an ogre

Illustrated notes

Levels and vault maps discovered:
D:1:      lightli_arrival_farm, layout_basic, serial_shops, shop,
          corner_web_ring
D:2:      layout_basic, uniq_sigmund, uniq_robin, uniq_crazy_yiuf_cottage
D:3:      layout_loops_ring, mainiacjoe_overflow_cross_hatched
D:4:      layout_layer_cave, jmf_multi_god_temple2, uniq_edmund
D:5:      layout_gridville, minmay_temple_entry_mist,
          hangedman_abyss_or_decor_lesser_grid
Temple:   regret_index_temple_waves

Skill      XL: |  1  2  3  4  5  6 |
---------------+-------------------+-----
Necromancy     | 5 6 |  6.8
Short Blades   | 1 4 5 |  5.0
Dodging        | |  2.0
Stealth        | |  2.0
Spellcasting   | |  2.1

Action                     |  1- 3 |  4- 6 |  7- 9 || total
---------------------------+-------+-------+-------++-------
  Melee: Short sword       |     4 |       |       ||     4
         Punch             |     1 |     2 |       ||     3
         Dagger            |    24 |    47 |    38 ||   109
   Cast: Necrotise         |    30 |    54 |     9 ||    93
    Use: Scroll            |       |     3 |       ||     3
         Potion            |       |     1 |       ||     1
   Stab: Sleeping          |     9 |     4 |       ||    13
 Armour: Robe              |    13 |    12 |     6 ||    31
  Dodge: Dodged            |    31 |    37 |    20 ||    88
